[Event "Kragero Resort International 2022"]
[Site "Kragero"]
[Date "2022.02.26"]
[Round "8.20"]
[White "Fischer, Daniel"]
[Black "Altarbosh, Ward"]
[Result "0-1"]
[ECO "C13"]
[WhiteElo "2340"]
[BlackElo "2221"]
[Annotator "NA"]
[PlyCount "120"]
[EventDate "2022.02.23"]
[EventType "swiss"]
[EventCountry "NOR"]
[SourceTitle "playchess.com"]
[Source "ChessBase"]
[SourceQuality "1"]
[TimeControl "5400+30"]

1. e4 e6 2. d4 d5 3. Nc3 Nf6 4. Bg5 dxe4 5. Nxe4 Be7 6. Nxf6+ Bxf6 7. Bxf6 Qxf6 8. Nf3 O-O 9. Qd3 c5 10. O-O-O cxd4 11. Qxd4 Qxd4 12. Rxd4 Nc6 13. Rd6 Rd8 14. Rxd8+ Nxd8 15. Bd3 Bd7 16. Ne5 Be8 17. Rd1 Nc6 18. Nc4 Rd8 19. Be4 Nd4 20. Rd2 Bb5 21. Na5 b6 22. Nb7 Rd7 23. c3 Ne2+ 24. Kd1 Nf4 25. Nd6 Ba6 26. Bc6 Rd8 27. c4 Kf8 28. b3 Ke7 29. Ne4 Rxd2+ 30. Nxd2 Nd3 31. f3 Nb4 32. Ba8 Nxa2 33. Kc2 Bc8 34. Kb2 Nb4 35. Kc3 a5 36. c5 bxc5 37. Kc4 Na6 38. Ne4 e5 39. Nxc5 Nxc5 40. Kxc5 Be6 41. Kb5 Bxb3 42. Kxa5 Kd6 43. Be4 Kc5 44. Bxh7 g6 45. h4 Bd5 46. Ka6 Kd6 47. Kb6 Ba8 48. Ka7 Bd5 49. Kb6 Ke7 50. Kc5 Ba8 51. h5 gxh5 52. Bd3 h4 53. Be2 Kf6 54. Kd6 Kf5 55. Ke7 Kf4 56. Kf6 Kg3 57. Bf1 Kf2 58. Bb5 Kxg2 59. Bd7 Bxf3 60. Kxe5 h3 0-1

[Event "Kragero Resort International 2022"]
[Site "Kragero"]
[Date "2022.02.26"]
[Round "8.21"]
[White "Ptacnikova, Lenka"]
[Black "Mikalsen, Erlend"]
[Result "1/2-1/2"]
[ECO "A07"]
[WhiteElo "2173"]
[BlackElo "2368"]
[Annotator "NA"]
[PlyCount "110"]
[EventDate "2022.02.23"]
[EventType "swiss"]
[EventCountry "NOR"]
[SourceTitle "playchess.com"]
[Source "ChessBase"]
[SourceQuality "1"]
[TimeControl "5400+30"]

1. Nf3 d5 2. g3 g6 3. Bg2 Bg7 4. O-O e5 5. d3 Ne7 6. e4 O-O 7. exd5 Nxd5 8. Nc3 Nc6 9. Bg5 f6 10. Bd2 Be6 11. Re1 Qd7 12. Ne4 b6 13. a3 a5 14. Nc3 Rae8 15. Qc1 g5 16. h4 h6 17. hxg5 hxg5 18. Nxd5 Bxd5 19. Be3 Ne7 20. Nh2 Bxg2 21. Kxg2 Kf7 22. Qd1 Rh8 23. Rh1 Qh3+ 24. Kg1 Rh7 25. Qf3 Reh8 26. Bxg5 Rh5 27. Bh4 Qe6 28. Qg4 Qxg4 29. Nxg4 f5 30. Ne3 f4 31. Nc4 Bf6 32. Re1 Ng6 33. Kf1 Bxh4 34. gxh4 Kf6 35. Ke2 Rxh4 36. Rxh4 Rxh4 37. Nd2 Rh2 38. Nf3 Rh5 39. Rg1 Ne7 40. Kd2 Nf5 41. Rg8 Nd6 42. Ke2 Rh1 43. Rg1 Rh5 44. Nd2 Rh2 45. Ne4+ Nxe4 46. dxe4 Rh8 47. Rd1 Ke6 48. a4 Rg8 49. b3 Rh8 50. Rd3 Rh1 51. Rd8 Rc1 52. Kd2 Rf1 53. Ke2 Rc1 54. Kd2 Rf1 55. Ke2 Rc1 1/2-1/2

[Event "Kragero Resort International 2022"]
[Site "Kragero"]
[Date "2022.02.26"]
[Round "8.22"]
[White "Stanford, Maxim Barth"]
[Black "Lye, Sverre"]
[Result "1-0"]
[ECO "E11"]
[WhiteElo "2339"]
[BlackElo "1917"]
[Annotator "ChessBase"]
[PlyCount "171"]
[EventDate "2022.02.23"]
[EventType "swiss"]
[EventCountry "NOR"]
[SourceTitle "playchess.com"]
[Source "ChessBase"]
[SourceQuality "1"]
[TimeControl "5400+30"]

1. d4 Nf6 2. c4 e6 3. g3 d5 4. Bg2 Bb4+ 5. Bd2 Be7 6. Nf3 O-O 7. O-O Nbd7 8. Qc2 Ne4 9. Nc3 Nxd2 10. Nxd2 Nf6 11. Rfd1 c6 12. Rac1 b6 13. e4 dxe4 14. Ndxe4 Bb7 15. Qa4 Qb8 16. Nxf6+ Bxf6 17. Bxc6 Rd8 18. d5 Bxc6 19. Qxc6 Rd6 20. Qa4 Bxc3 21. Rxc3 Qd8 22. Rcd3 Qe7 23. Qa3 exd5 24. cxd5 h6 25. Rd4 Rad8 26. Qd3 Qb7 27. a3 Qa8 28. h4 Qb7 29. Re1 Qa8 30. Re5 Qc8 31. Kg2 Qa8 32. Kh2 Qb7 33. Qe4 Qc8 34. Rd2 Qb7 35. Re8+ Rxe8 36. Qxe8+ Kh7 37. a4 Qc7 38. b3 h5 39. Rd4 Rf6 40. Qe2 g6 41. Kg1 Qd7 42. Rd2 Rd6 43. Qe5 Qd8 44. Rd4 Qd7 45. Kh2 Kg8 46. Qe4 Qd8 47. Qe5 Qd7 48. f3 Qd8 49. Kh3 Qc8+ 50. g4 Qc1 51. Kg2 Qb2+ 52. Kg3 hxg4 53. h5 Qc1 54. Qe8+ Kg7 55. Qe5+ Kg8 56. Qe8+ Kg7 57. h6+ Qxh6 58. Qe5+ Rf6 59. Rxg4 Qh1 60. Qe3 Qd1 61. Rh4 g5 62. Rg4 Qxd5 63. Rxg5+ Qxg5+ 64. Qxg5+ Rg6 65. Kf4 Rxg5 66. Kxg5 f6+ 67. Kf5 Kf7 68. b4 a6 69. b5 a5 70. f4 Ke7 71. Kg6 Ke6 72. Kg7 Kf5 73. Kf7 Kxf4 74. Kxf6 Ke4 75. Ke6 Kd4 76. Kd6 Kc4 77. Kc6 Kb4 78. Kxb6 Kxa4 79. Kc5 Kb3 80. b6 a4 81. b7 a3 82. b8=Q+ Kc2 83. Kc4 a2 84. Qh2+ Kb1 85. Kb3 a1=Q 86. Qc2# 1-0

[Event "Kragero Resort International 2022"]
[Site "Kragero"]
[Date "2022.02.26"]
[Round "8.23"]
[White "Verbin, Valentina"]
[Black "Sjoberg, Isak"]
[Result "0-1"]
[ECO "C84"]
[WhiteElo "2046"]
[BlackElo "2322"]
[Annotator "ChessBase"]
[PlyCount "140"]
[EventDate "2022.02.23"]
[EventType "swiss"]
[EventCountry "NOR"]
[SourceTitle "playchess.com"]
[Source "ChessBase"]
[SourceQuality "1"]
[TimeControl "5400+30"]

1. e4 e5 2. Nf3 Nc6 3. Bb5 a6 4. Ba4 Nf6 5. d3 b5 6. Bb3 Be7 7. a4 b4 8. a5 O-O 9. O-O d6 10. Nbd2 h6 11. h3 Be6 12. Nc4 Qc8 13. Ba4 Qb7 14. Bb3 Rad8 15. Qe2 Rfe8 16. Be3 Bf8 17. c3 bxc3 18. bxc3 Nxe4 19. Qc2 Nf6 20. Rfb1 Qa8 21. Rb2 g6 22. d4 exd4 23. cxd4 Bg7 24. Ba4 Bd5 25. Rc1 Be4 26. Qd1 Re7 27. Ncd2 Bd5 28. Qc2 Nb8 29. Qd3 Ne4 30. Ne1 Nd7 31. Nxe4 Bxe4 32. Qd2 c5 33. dxc5 Nxc5 34. Rb4 Nxa4 35. Rxa4 Bc6 36. Rac4 Bb5 37. Rc7 Rxc7 38. Rxc7 Qe4 39. Nf3 g5 40. Nd4 d5 41. Nxb5 Qb1+ 42. Rc1 Qxb5 43. Bb6 Re8 44. Rc5 Qb1+ 45. Kh2 d4 46. Rd5 Qe4 47. Rd7 Qc6 48. Ra7 Be5+ 49. g3 Qf3 50. Bxd4 Bxg3+ 51. Kg1 Bf4 52. Qc3 Qd1+ 53. Kg2 Qe2 54. Bh8 Qe4+ 55. Kg1 Qh7 56. Bd4 Qb1+ 57. Kg2 Qe4+ 58. Kg1 Bb8 59. Rxa6 Qf4 60. Be3 Qh2+ 61. Kf1 Qxh3+ 62. Ke1 Qh1+ 63. Ke2 Rd8 64. Qc2 Be5 65. Rc6 Qh5+ 66. Ke1 Bd6 67. Rc4 g4 68. Qc3 Bb4 69. Rxb4 Qh1+ 70. Ke2 Qd1# 0-1

[Event "Kragero Resort International 2022"]
[Site "Kragero"]
[Date "2022.02.26"]
[Round "8.24"]
[White "Blokhin, Sofia"]
[Black "Zadruzny, Nicolaj"]
[Result "0-1"]
[ECO "B48"]
[WhiteElo "2059"]
[BlackElo "2280"]
[Annotator "NA"]
[PlyCount "60"]
[EventDate "2022.02.23"]
[EventType "swiss"]
[EventCountry "NOR"]
[SourceTitle "playchess.com"]
[Source "ChessBase"]
[SourceQuality "1"]
[TimeControl "5400+30"]

1. e4 c5 2. Nf3 e6 3. d4 cxd4 4. Nxd4 Nc6 5. Nc3 Qc7 6. a3 a6 7. Be3 b5 8. f3 Nf6 9. Qd2 Be7 10. g4 Bb7 11. Be2 Nxd4 12. Bxd4 Bd6 13. Qg5 e5 14. Bf2 O-O 15. h4 b4 16. axb4 Bxb4 17. O-O Bxc3 18. bxc3 d5 19. Bg3 Rfe8 20. exd5 Nxd5 21. h5 h6 22. Qc1 Nxc3 23. Bd3 Qc5+ 24. Bf2 Qc6 25. Bg3 e4 26. fxe4 Rxe4 27. Bxe4 Qxe4 28. Qd2 Qh1+ 29. Kf2 Qf3+ 30. Ke1 Re8+ 0-1

[Event "Kragero Resort International 2022"]
[Site "Kragero"]
[Date "2022.02.26"]
[Round "8.25"]
[White "Mierins, Emils Janis"]
[Black "Unneland, Mathias"]
[Result "0-1"]
[ECO "B53"]
[WhiteElo "2025"]
[BlackElo "2262"]
[Annotator "NA"]
[PlyCount "86"]
[EventDate "2022.02.23"]
[EventType "swiss"]
[EventCountry "NOR"]
[SourceTitle "playchess.com"]
[Source "ChessBase"]
[SourceQuality "1"]
[TimeControl "5400+30"]

1. e4 c5 2. Nf3 d6 3. d4 cxd4 4. Qxd4 Nf6 5. Bg5 Nc6 6. Bb5 Bd7 7. Bxc6 Bxc6 8. Nc3 e6 9. O-O-O Be7 10. e5 dxe5 11. Qxe5 Qb8 12. Qd4 O-O 13. Ne5 Qc7 14. f4 Bxg2 15. Rhg1 Rfd8 16. Qf2 Rxd1+ 17. Kxd1 Bh3 18. Qh4 Bf5 19. Kc1 Bg6 20. Ng4 Nd5 21. Bxe7 Qxe7 22. Qxe7 Nxe7 23. Rd1 Bh5 24. Rd7 Bxg4 25. Rxe7 Bf3 26. Kd2 Bc6 27. Rc7 h6 28. b4 g5 29. b5 Bh1 30. Ke3 a6 31. b6 gxf4+ 32. Kxf4 Rd8 33. Ke3 Rd6 34. Na4 e5 35. c4 f5 36. c5 f4+ 37. Ke2 Rd4 38. Nc3 Bc6 39. a3 Kf8 40. Rh7 e4 41. Rxh6 f3+ 42. Kf2 Rd2+ 43. Kg3 Rg2+ 0-1

[Event "Kragero Resort International 2022"]
[Site "Kragero"]
[Date "2022.02.26"]
[Round "8.26"]
[White "Gjestemoen-VonHirsch, Andre"]
[Black "Stangl, Anita"]
[Result "1-0"]
[ECO "C06"]
[WhiteElo "2243"]
[BlackElo "1991"]
[Annotator "NA"]
[PlyCount "67"]
[EventDate "2022.02.23"]
[EventType "swiss"]
[EventCountry "NOR"]
[SourceTitle "playchess.com"]
[Source "ChessBase"]
[SourceQuality "1"]
[TimeControl "5400+30"]

1. e4 e6 2. d4 d5 3. Nd2 Nf6 4. e5 Nfd7 5. Bd3 c5 6. c3 Nc6 7. Ngf3 Qb6 8. O-O cxd4 9. cxd4 Nxd4 10. Nxd4 Qxd4 11. Nf3 Qb6 12. Qa4 Be7 13. Qg4 g6 14. Bh6 Qxb2 15. Rab1 Qa3 16. Bb5 Qa5 17. Qf4 a6 18. Ng5 Bxg5 19. Bxd7+ Bxd7 20. Bxg5 f5 21. exf6 Rf8 22. Qd6 Rf7 23. Rxb7 Rd8 24. Rfb1 h6 25. Rxd7 Rdxd7 26. Qxe6+ Kf8 27. Rb8+ Rd8 28. Bxh6+ Kg8 29. Rb7 Kh7 30. Rxf7+ Kxh6 31. Qe3+ Kh5 32. Rh7+ Kg4 33. Qf3+ Kg5 34. h4# 1-0

[Event "Kragero Resort International 2022"]
[Site "Kragero"]
[Date "2022.02.26"]
[Round "8.27"]
[White "Aulin-Jansson, Joran"]
[Black "Manukyan, Hayk T."]
[Result "1-0"]
[ECO "A00"]
[WhiteElo "2214"]
[BlackElo "1905"]
[Annotator "NA"]
[PlyCount "103"]
[EventDate "2022.02.23"]
[EventType "swiss"]
[EventCountry "NOR"]
[SourceTitle "playchess.com"]
[Source "ChessBase"]
[SourceQuality "1"]
[TimeControl "5400+30"]

1. e4 d5 2. Nc3 dxe4 3. d3 exd3 4. Bxd3 Nc6 5. Nf3 Nb4 6. Bb5+ c6 7. Qxd8+ Kxd8 8. Ba4 f6 9. Be3 e5 10. O-O-O+ Kc7 11. Nd2 Ne7 12. Nde4 Ned5 13. Bd2 Bf5 14. Bb3 Nxc3 15. Nxc3 Bd6 16. f3 Na6 17. g4 Bg6 18. h4 h6 19. h5 Bh7 20. Be6 Rhe8 21. Bf5 Bg8 22. Ne4 Bb4 23. Bxb4 Nxb4 24. Rd7+ Kb6 25. Rxg7 Nxa2+ 26. Kb1 Nb4 27. Nxf6 Ba2+ 28. Kc1 Red8 29. Nd7+ Kb5 30. b3 a5 31. Nxe5 b6 32. Be6 a4 33. Bc4+ Kc5 34. Nd7+ Kd4 35. Nxb6 Kc3 36. Nxa8 Rd2 37. Re7 Rxc2+ 38. Kd1 Rd2+ 39. Ke1 Nc2+ 40. Kf1 Bxb3 41. Bxb3 axb3 42. Nb6 Nd4 43. f4 Kc2 44. Na4 c5 45. Rh3 b2 46. Rc3+ Kb1 47. Re1+ Ka2 48. Rxc5 Nf3 49. Nc3+ Kb3 50. Re3 Kb4 51. Rb5+ Kc4 52. Rxf3 1-0

[Event "Kragero Resort International 2022"]
[Site "Kragero"]
[Date "2022.02.26"]
[Round "8.28"]
[White "Sorensen, Simen"]
[Black "Thanke, Bror"]
[Result "1-0"]
[ECO "E16"]
[WhiteElo "2014"]
[BlackElo "2143"]
[Annotator "NA"]
[PlyCount "71"]
[EventDate "2022.02.23"]
[EventType "swiss"]
[EventCountry "NOR"]
[SourceTitle "playchess.com"]
[Source "ChessBase"]
[SourceQuality "1"]
[TimeControl "5400+30"]

1. d4 Nf6 2. c4 e6 3. Nf3 Bb4+ 4. Bd2 Qe7 5. g3 b6 6. Bg2 Bb7 7. O-O Bxd2 8. Qxd2 d6 9. Nc3 Ne4 10. Nxe4 Bxe4 11. Ne1 Bxg2 12. Nxg2 c5 13. d5 e5 14. e4 Nd7 15. Rae1 Kd8 16. Ne3 g6 17. Nc2 Kc7 18. b4 Rhf8 19. a4 f5 20. a5 fxe4 21. Rxe4 Qf6 22. Ra1 cxb4 23. Nxb4 Nc5 24. Re3 bxa5 25. Nc6 a4 26. Qa5+ Kc8 27. Ra2 Qg7 28. Rb2 Qc7 29. Qc3 Rf7 30. f4 Nd7 31. c5 Nxc5 32. fxe5 Rf8 33. exd6 Qxd6 34. Qg7 Nd7 35. Rc3 Qf6 36. Ne5+ 1-0

[Event "Kragero Resort International 2022"]
[Site "Kragero"]
[Date "2022.02.27"]
[Round "9.1"]
[White "Ostensen, Nicolai Maxime"]
[Black "Engeset, Audun"]
[Result "1-0"]
[ECO "A28"]
[WhiteElo "1728"]
[BlackElo "1823"]
[Annotator "NA"]
[PlyCount "93"]
[EventDate "2022.02.23"]
[EventType "swiss"]
[EventCountry "NOR"]
[SourceTitle "playchess.com"]
[Source "ChessBase"]
[SourceQuality "1"]
[TimeControl "5400+30"]

1. c4 e5 2. Nc3 Nf6 3. Nf3 Nc6 4. e3 Bb4 5. Nd5 a5 6. Nxb4 axb4 7. b3 O-O 8. Bb2 Re8 9. d4 exd4 10. Nxd4 Ne5 11. Nf3 Nc6 12. Be2 Qe7 13. O-O Ra5 14. Qc1 d6 15. a3 bxa3 16. Rxa3 Bg4 17. Rxa5 Nxa5 18. Qc3 Nc6 19. h3 Bd7 20. Ra1 Qf8 21. Bd3 Ne5 22. Nxe5 dxe5 23. b4 Qe7 24. Ra7 Bc8 25. Ra5 Nd7 26. Bf5 f6 27. Be4 c6 28. Ra7 Qd6 29. c5 Qd1+ 30. Kh2 Nf8 31. Ra1 Qd7 32. Qb3+ Qe6 33. Qc2 Rd8 34. Ra8 Qe7 35. Ra7 Qd7 36. Bc3 Qc7 37. Qb2 Qb8 38. Ra1 Bd7 39. Qa2+ Be6 40. Qa7 Qxa7 41. Rxa7 Rd7 42. b5 Bd5 43. Bxd5+ cxd5 44. b6 d4 45. exd4 exd4 46. Bd2 Ne6 47. c6 1-0

[Event "Kragero Resort International 2022"]
[Site "Kragero"]
[Date "2022.02.27"]
[Round "9.2"]
[White "Bjarnason, Snorri Vikanes"]
[Black "Haug, Havard"]
[Result "1/2-1/2"]
[ECO "B71"]
[WhiteElo "1606"]
[BlackElo "1801"]
[Annotator "NA"]
[PlyCount "94"]
[EventDate "2022.02.23"]
[EventType "swiss"]
[EventCountry "NOR"]
[SourceTitle "playchess.com"]
[Source "ChessBase"]
[SourceQuality "1"]
[TimeControl "5400+30"]

1. e4 c5 2. Nf3 d6 3. d4 cxd4 4. Nxd4 Nf6 5. Nc3 g6 6. f4 Nc6 7. Be2 Nxd4 8. Qxd4 Bg7 9. Qd3 O-O 10. Be3 Bg4 11. Rd1 $11 Qa5 12. O-O Rac8 13. Bd4 e5 14. Be3 Bxe2 15. Qxe2 exf4 16. Bd4 Rfe8 17. Qf3 Nh5 18. Bxg7 Kxg7 19. Kh1 Qe5 20. Rd5 Qe6 21. Rxh5 gxh5 22. Qxh5 Qg6 23. Qh4 Re5 24. Qxf4 b5 25. Rf3 Rg5 26. Qd2 Re8 27. Qd4+ Ree5 28. g3 a5 29. a3 h5 30. Rf4 Rg4 31. Rxg4 hxg4 32. Kg1 Kh7 33. Nd5 f5 34. Nf4 Qg7 35. Qxd6 Rxe4 36. Kf1 Qf7 37. b3 a4 38. Nd5 Kg7 39. Nc3 axb3 40. cxb3 Re6 41. Qd3 Rf6 42. Qxb5 f4 43. Qg5+ Kf8 44. Nd5 Rd6 45. Nxf4 Qxb3 46. Ng6+ Rxg6 47. Qxg6 Qd1+ 1/2-1/2

[Event "Kragero Resort International 2022"]
[Site "Kragero"]
[Date "2022.02.27"]
[Round "9.3"]
[White "Stromhaug, Kristoffer Wang"]
[Black "Jonsson, Kristjan Dagur"]
[Result "1-0"]
[ECO "B15"]
[WhiteElo "1694"]
[BlackElo "1797"]
[Annotator "NA"]
[PlyCount "129"]
[EventDate "2022.02.23"]
[EventType "swiss"]
[EventCountry "NOR"]
[SourceTitle "playchess.com"]
[Source "ChessBase"]
[SourceQuality "1"]
[TimeControl "5400+30"]

1. e4 c6 2. d4 d5 3. Nc3 dxe4 4. Nxe4 Nf6 5. Nxf6+ exf6 6. c3 Bd6 7. Nf3 O-O 8. Be2 Re8 9. O-O Nd7 10. Re1 Nf8 11. Bd3 Rxe1+ 12. Nxe1 Ng6 13. g3 Be6 14. Ng2 Qd7 15. Qc2 Kh8 16. Bd2 Rd8 17. f4 Ne7 18. Be3 Bf5 19. Bf2 Bc7 20. Re1 Bxd3 21. Qxd3 Nf5 22. Ne3 Nd6 23. Nc4 Nf5 24. Ne3 Ne7 25. Nc2 f5 26. Ne3 Kg8 27. Rd1 b5 28. b3 a6 29. a4 Bb6 30. axb5 axb5 31. Nc2 Nd5 32. Ne3 Nxe3 33. Bxe3 Qe6 34. c4 bxc4 35. bxc4 Qe4 36. Kf2 Ra8 37. Qxe4 fxe4 38. Rd2 Ra3 39. c5 Ba5 40. Rb2 Kf8 41. Ke2 Ke7 42. f5 Bc3 43. Rb7+ Kf6 44. g4 Ra2+ 45. Kd1 Rxh2 46. Rc7 Rh3 47. Rxc6+ Ke7 48. Ke2 h5 49. Rc7+ Ke8 50. g5 Rf3 51. g6 Rxf5 52. gxf7+ Rxf7 53. Rxf7 Kxf7 54. c6 Ke7 55. d5 Bb4 56. Bg5+ Ke8 57. Ke3 Be7 58. Bf4 g5 59. Be5 g4 60. Kxe4 h4 61. d6 Bf8 62. Kf4 g3 63. Kf3 Bh6 64. d7+ Ke7 65. Bc7 1-0

[Event "Kragero Resort International 2022"]
[Site "Kragero"]
[Date "2022.02.27"]
[Round "9.4"]
[White "Alvanjyan, Aida"]
[Black "Amundsen, Ask"]
[Result "1-0"]
[ECO "B22"]
[WhiteElo "1566"]
[BlackElo "1819"]
[Annotator "NA"]
[PlyCount "63"]
[EventDate "2022.02.23"]
[EventType "swiss"]
[EventCountry "NOR"]
[SourceTitle "playchess.com"]
[Source "ChessBase"]
[SourceQuality "1"]
[TimeControl "5400+30"]

1. e4 c5 2. c3 Nf6 3. e5 Nd5 4. d4 cxd4 5. cxd4 e6 $11 6. Nf3 d6 7. exd6 Bxd6 8. Nc3 Nxc3 9. bxc3 Qc7 10. Bd2 Nd7 11. Bd3 O-O 12. O-O b6 13. Re1 Bb7 14. Rc1 Bxf3 15. Qxf3 Bxh2+ 16. Kh1 Bd6 17. Re4 Rfe8 18. Rh4 g6 19. Re1 Nf8 20. Bh6 Be7 21. Rf4 f5 22. Bb5 Rec8 23. Bxf8 Bxf8 24. Qe3 Qxc3 25. Qxe6+ Kh8 26. Rh4 Qb4 27. Bf1 Qd6 28. Qf7 h6 29. Re6 Qd8 30. Rxg6 Qxh4+ 31. Kg1 Bd6 32. Qg7# 1-0

[Event "Kragero Resort International 2022"]
[Site "Kragero"]
[Date "2022.02.27"]
[Round "9.5"]
[White "Strand, Amund Pihl"]
[Black "Thorisson, Benedikt"]
[Result "0-1"]
[ECO "A29"]
[WhiteElo "1748"]
[BlackElo "1790"]
[Annotator "NA"]
[PlyCount "86"]
[EventDate "2022.02.23"]
[EventType "swiss"]
[EventCountry "NOR"]
[SourceTitle "playchess.com"]
[Source "ChessBase"]
[SourceQuality "1"]
[TimeControl "5400+30"]

1. c4 e5 2. Nc3 Nf6 3. g3 d5 4. cxd5 Nxd5 5. Bg2 Nb6 6. Nf3 Nc6 7. d3 Be7 8. O-O O-O 9. Be3 Be6 10. Ne4 Nd5 11. Bc5 h6 12. a3 f5 13. Bxe7 Qxe7 14. Nc3 Rad8 15. Qa4 Kh8 16. Qh4 Qxh4 17. Nxh4 Kh7 18. Nxd5 Bxd5 19. Bxd5 Rxd5 20. Nxf5 Rb5 21. Ne3 Nd4 22. Rfe1 Rxb2 23. Kf1 Nb3 24. Nc4 Nxa1 25. Nxb2 Nb3 26. Nc4 Re8 27. Rb1 Nc5 28. Nxe5 Rxe5 29. d4 Ne4 30. Rxb7 Ra5 31. Rxc7 Rxa3 32. Re7 Nf6 33. e4 Ra4 34. Ke2 Rxd4 35. e5 Nd7 36. Ke3 Rd1 37. f4 a5 38. e6 Nf6 39. Ke2 Rd6 40. f5 Rd5 41. g4 Nxg4 42. Rf7 Kg8 43. Rd7 Rxf5 0-1

[Event "Kragero Resort International 2022"]
[Site "Kragero"]
[Date "2022.02.27"]
[Round "9.6"]
[White "Haugen, Lars Tormod"]
[Black "Carlin, Tormod"]
[Result "1-0"]
[ECO "A17"]
[WhiteElo "1710"]
[BlackElo "1630"]
[Annotator "NA"]
[PlyCount "51"]
[EventDate "2022.02.23"]
[EventType "swiss"]
[EventCountry "NOR"]
[SourceTitle "playchess.com"]
[Source "ChessBase"]
[SourceQuality "1"]
[TimeControl "5400+30"]

1. c4 e6 2. Nc3 d5 3. e3 Nf6 4. Nf3 Be7 5. b3 b6 6. cxd5 exd5 7. Bb2 Bb7 8. d4 O-O 9. Bd3 Nc6 10. Rc1 a6 11. O-O Bd6 12. Ne2 Ne7 13. Ne5 Ng6 14. Ng3 Nd7 15. f4 Ne7 16. Nh5 Ng6 17. Nxd7 Qxd7 18. f5 Qe7 19. fxg6 Qxe3+ 20. Kh1 fxg6 21. Ng3 Qh6 22. Qe1 Rfe8 23. Qf2 Bc8 24. Qf7+ Kh8 25. Qxe8+ Bf8 26. Qxf8# 1-0

[Event "Kragero Resort International 2022"]
[Site "Kragero"]
[Date "2022.02.27"]
[Round "9.7"]
[White "Johannessen, Martin T."]
[Black "Madsen, Morten L"]
[Result "1-0"]
[ECO "D13"]
[WhiteElo "1629"]
[BlackElo "1828"]
[Annotator "NA"]
[PlyCount "91"]
[EventDate "2022.02.23"]
[EventType "swiss"]
[EventCountry "NOR"]
[SourceTitle "playchess.com"]
[Source "ChessBase"]
[SourceQuality "1"]
[TimeControl "5400+30"]

1. d4 d5 2. c4 c6 3. cxd5 cxd5 4. Bf4 Nc6 5. Nf3 Nf6 6. Nc3 e6 7. e3 Bd7 8. a3 $14 Be7 9. Bd3 O-O 10. O-O Nh5 11. Bg3 Nxg3 12. hxg3 a6 13. Rc1 b5 14. e4 dxe4 15. Nxe4 h6 16. Nc5 Bf6 17. Be4 Be8 18. Nxe6 fxe6 19. Bxc6 Bxc6 20. Rxc6 Qd7 21. Qc2 Bxd4 22. Nxd4 Qxd4 23. Rxe6 a5 24. Qb3 Qc4 25. Qxc4 bxc4 26. Rc6 Rfc8 27. Rxc8+ Rxc8 28. Rc1 a4 29. Kf1 Kf7 30. Ke2 Ke6 31. Kd2 Kd5 32. Kc3 Rb8 33. Rd1+ Kc6 34. Rd4 Rb3+ 35. Kc2 Kc5 36. Rd7 g5 37. Ra7 c3 38. Rc7+ Kd5 39. Rxc3 Rb7 40. b3 axb3+ 41. Rxb3 Rf7 42. Rf3 Rxf3 43. gxf3 h5 44. Kd2 h4 45. Ke2 h3 46. Kf1 1-0

[Event "Kragero Resort International 2022"]
[Site "Kragero"]
[Date "2022.02.27"]
[Round "9.8"]
[White "Hammari, Vinjar"]
[Black "Gharibyan, Mane"]
[Result "0-1"]
[ECO "E11"]
[WhiteElo "1775"]
[BlackElo "1592"]
[Annotator "NA"]
[PlyCount "104"]
[EventDate "2022.02.23"]
[EventType "swiss"]
[EventCountry "NOR"]
[SourceTitle "playchess.com"]
[Source "ChessBase"]
[SourceQuality "1"]
[TimeControl "5400+30"]

1. d4 Nf6 2. c4 e6 3. g3 d5 4. Bg2 Bb4+ 5. Bd2 Bxd2+ 6. Nxd2 O-O 7. Ngf3 b6 8. Qc2 Bb7 9. O-O Nbd7 10. c5 bxc5 11. dxc5 c6 12. b4 Qc7 13. Nb3 e5 14. e3 Rab8 15. Rfd1 Ba6 16. a3 e4 17. Nfd4 Ne5 18. Na5 Rfe8 19. h3 Qd7 20. Kh2 h6 21. Qa4 Bb5 22. Nxb5 Rxb5 23. Ra2 Qc8 24. Qc2 Nh7 25. Nb3 Ng5 26. Nd4 Rb8 27. Rb1 Re7 28. a4 a6 29. Rab2 Reb7 30. Qd1 Nd3 31. Rd2 Rxb4 32. Rxb4 Rxb4 33. Rxd3 exd3 34. Qxd3 Rxa4 35. Nf5 Kh8 36. Nd6 Qc7 37. Qf5 Kg8 38. Ne8 Qd8 39. Nd6 Qc7 40. Qe5 Ne6 41. Bf1 Ra3 42. f4 Ra2+ 43. Kg1 Ra5 44. f5 Nf8 45. Qc3 f6 46. e4 Nd7 47. Nb7 Ra4 48. exd5 cxd5 49. c6 Ne5 50. Nc5 Ra5 51. Nxa6 Qb6+ 52. Nc5 Qxc5+ 0-1